 Dungeon Crawl Stone Soup version 0.30.0-18-gc0e69614cb (webtiles) character file.

Game seed: 13460009418925653121

771 Edyrem the Trooper (level 7, -3/63 HPs)
             Began as a Hill Orc Fighter on May 23, 2023.
             Was an Initiate of the Shining One.
             Slain by an orc warrior
             ... wielding a +0 dire flail
              (5 damage)
             ... on level 5 of the Dungeon.
             The game lasted 00:09:08 (4068 turns).

Edyrem the Trooper (Hill Orc Fighter)               Turns: 4068, Time: 00:09:09

Health: -3/63      AC: 14    Str: 21    XL:     7   Next: 83%
Magic:  0/7        EV:  8    Int:  8    God:    the Shining One [......]
Gold:   265        SH:  5    Dex: 10    Spells: 6/6 levels left

rFire   . . .        a - +0 war axe
rCold   . . .        c - +0 buckler
rNeg    + . .        y - +0 chain mail
rPois   .            (no helmet)
rElec   .            (no cloak)
rCorr   .            j - +2 pair of gloves
SInv    +            B - +0 pair of boots
Will    .....        H - amulet of guardian spirit Stlth
                     f - ring of positive energy
HPRegen 0.30/turn    C - ring of see invisible
MPRegen 0.10/turn

%: guardian spirit
@: glowing
A: no striking features
a: Renounce Religion


You were on level 5 of the Dungeon.
You worshipped the Shining One.
The Shining One was noncommittal.
You visited 2 branches of the dungeon, and saw 8 of its levels.
You also visited: Ossuary.

You collected 305 gold pieces.
You spent 40 gold pieces at shops.

Inventory:

Hand Weapons
 a - a +0 war axe (weapon)
 b - a +4 whip
Missiles
 k - 18 poisoned darts (quivered)
 w - 2 silver javelins
 I - a curare-tipped dart
 K - 6 atropa-tipped darts
 L - 4 javelins
Armour
 c - a +0 buckler (worn)
 j - a +2 pair of gloves (worn)
 y - a +0 chain mail (worn)
 B - a +0 pair of boots (worn)
Jewellery
 f - a ring of positive energy (left hand)
 C - a ring of see invisible (right hand)
 H - an amulet of guardian spirit (around neck)
Wands
 m - a wand of flame (20)
Scrolls
 e - 2 scrolls of identify {@r1}
 g - 5 scrolls of immolation
 i - a scroll of teleportation {unknown}
 l - a scroll of butterflies {unknown}
 n - a scroll of vulnerability {unknown}
 o - a scroll of silence {unknown}
 p - a scroll of enchant armour {unknown}
 q - 2 scrolls of fear
 s - 3 scrolls of magic mapping
 x - 2 scrolls of brand weapon {unknown}
 z - a scroll of poison {unknown}
 G - a scroll of blinking {unknown}
 J - a scroll of torment {unknown}
Potions
 d - 5 potions of might
 h - 2 potions of haste
 r - 4 potions of magic
 t - a potion of degeneration {unknown}
 u - 3 potions of curing {@q2}
 v - a potion of cancellation {unknown}
 A - a potion of lignification {unknown}
 D - 2 potions of mutation
 E - 2 potions of flight {unknown}
 F - 2 potions of heal wounds {unknown}


   Skills:
 + Level 6.1 Fighting
 + Level 5.8 Axes
 + Level 5.5 Armour
 * Level 2.1 Dodging
 - Level 5.0 Shields


You had 6 spell levels left.
You didn't know any spells.
Your spell library contained the following spells:

 Spells                   Type           Power      Damage    Failure   Level
 Apportation              Tloc           0%         N/A       98%         1
 Frozen Ramparts          Ice            0%         1d1       100%        3
 Inner Flame              Hex/Fire       0%         N/A       100%        3
 Ice Form                 Ice/Tmut       0%         N/A       100%        4
 Summon Ice Beast         Ice/Summ       0%         N/A       100%        4
 Alistair's Intoxication  Tmut/Pois      0%         N/A       100%        5
 Yara's Violent Unravell  Hex/Tmut       0%         3d3       100%        5
 Enfeeble                 Hex            0%         N/A       100%        7


Dungeon Overview and Level Annotations

Branches:
Dungeon (7/15)             Temple (1/1) D:4         Ossuary (visited)

Altars:
Ashenzari
Dithmenos
Elyvilon
Gozag
Hepliaklqana
Makhleb
Nemelex Xobeh
Okawaru
Qazlal
Ru
Sif Muna
Trog
Vehumet
Wu Jian
Xom
Yredelemnul
Zin
The Shining One

Shops:
D:4 ?

Annotations:
Temple 2 transporters


Message History

You hit the orc. You slash the orc!
You kill the orc!
The orc hits you with a +0 dagger.
* * * LOW HITPOINT WARNING * * *
The orc warrior hits you but does no damage.
The orc hits you but does no damage.
The orc warrior hits you with a +0 dire flail!
* * * LOW HITPOINT WARNING * * *
You barely miss the orc warrior.
The orc warrior is heavily wounded.
You hit the orc. The orc hits you with a +0 dagger.
* * * LOW HITPOINT WARNING * * *
The orc warrior closely misses you.
You barely miss the orc warrior.
The orc warrior is heavily wounded.
You closely miss the orc. The orc hits you but does no damage.
The orc warrior barely misses you.
You barely miss the orc warrior.
The orc warrior is heavily wounded.
You closely miss the orc. The orc hits you but does no damage.
The orc warrior hits you but does no damage.
You hit the orc warrior.
The orc warrior is severely wounded.
You closely miss the orc. The orc hits you but does no damage.
The orc warrior hits you but does no damage.
You block the orc's attack.
The orc warrior hits you with a +0 dire flail!
* * * LOW HITPOINT WARNING * * *
Okay, then.
You barely miss the orc warrior.
The orc warrior is severely wounded.
You barely miss the orc. The orc hits you with a +0 dagger.
* * * LOW HITPOINT WARNING * * *
The orc warrior barely misses you.
You hit the orc warrior but do no damage.
The orc warrior is severely wounded.
You hit the orc.
You kill the orc!
The orc warrior hits you with a +0 dire flail.
You die...

##.##..# #####.##
##...#.## #..#.## ####
###.....## ###.##
##..###.......## #.##
#....#......#..## ##..##
####.......###..####....##
##.....####......###..#
#.....####.......# ##..
#..##...@).........#####.
####.#.o))...........##.#
#.##................# .#
##...............# ##
#...........#..##
#................
#...........###...
#...........# #...
.........# ##..


You could see an orc warrior.

Vanquished Creatures
  A wraith (Ossuary)
  2 kobold brigands (D:6)
  Blork the orc (D:5)
  A howler monkey (D:5)
  A hound (D:6)
  An orc priest (D:5)
  A sleepcap (D:5)
  2 iguanas (D:5)
  3 mummies (Ossuary)
  4 gnolls (D:5)
  5 adders
  A shadow imp (D:5)
  A worm (D:3)
  3 dart slugs
  7 orcs
  5 ball pythons
  5 bats
  3 endoplasms
  6 giant cockroaches
  12 hobgoblins
  A jackal (D:3)
  3 quokkas
  4 frilled lizards
  7 goblins
  6 goblin zombies (Ossuary)
  A hobgoblin zombie (Ossuary)
  16 kobolds
  3 kobold zombies (Ossuary)
  An orc zombie (Ossuary)
  12 rats
119 creatures vanquished.

Notes
Turn   | Place    | Note
-------+----------+-------------------------------------------
     0 | D:1      | Edyrem the Hill Orc Fighter began the quest for the Orb.
     0 | D:1      | Reached XP level 1. HP: 19/19 MP: 1/1
   201 | D:1      | Reached XP level 2. HP: 27/27 MP: 2/2
   602 | D:2      | Reached skill level 4 in Fighting
   618 | D:2      | Found a bloodstained altar of Trog.
   645 | D:2      | Reached XP level 3. HP: 33/33 MP: 3/3
  1008 | D:2      | Found a faded altar of an unknown god.
  1249 | D:3      | Reached XP level 4. HP: 36/40 MP: 4/4
  1964 | D:4      | Found Nebuip Senk's Magic Scroll Boutique.
  1970 | D:4      | Bought a scroll of identify for 20 gold pieces
  1970 | D:4      | Bought a scroll of identify for 20 gold pieces
  2013 | D:4      | You fall into a shaft and drop 3 floors!
  2027 | D:6      | Found a sand-covered staircase.
  2033 | Ossuary  | Entered an ossuary
  2033 | Ossuary  | Noticed a wraith
  2033 | Ossuary  | Noticed a wraith
  2033 | Ossuary  | Noticed a wraith
  2130 | Ossuary  | Reached XP level 5. HP: 30/47 MP: 5/5
  2278 | Ossuary  | Noticed a wraith
  2292 | Ossuary  | Killed a wraith
  2293 | Ossuary  | Reached skill level 5 in Fighting
  2293 | Ossuary  | Reached XP level 6. HP: 11/56 MP: 6/6
  2770 | D:6      | Reached skill level 5 in Axes
  2770 | D:6      | Reached skill level 5 in Armour
  2770 | D:6      | Reached skill level 5 in Shields
  2770 | D:6      | Reached XP level 7. HP: 48/61 MP: 7/7
  2925 | D:5      | Entered Level 5 of the Dungeon
  3043 | D:5      | Reached skill level 1 in Dodging
  3079 | D:5      | Noticed Blork the orc
  3095 | D:5      | Killed Blork the orc
  3185 | D:5      | Reached skill level 6 in Fighting
  3644 | D:4      | Found a staircase to the Ecumenical Temple.
  3664 | Temple   | Entered the Ecumenical Temple
  3664 | Temple   | Found a transporter.
  3664 | Temple   | Found a transporter.
  3666 | Temple   | Found a transporter.
  3666 | Temple   | Found a transporter.
  3681 | Temple   | Became a worshipper of the Shining One
  4067 | D:5      | HP: 2/63 [orc/+0 dagger (4)]
  4068 | D:5      | Slain by an orc warrior

Illustrated notes

Levels and vault maps discovered:
D:1:      amcnicky_arrival_gap_in_the_tavern_cellar, layout_rooms,
          roderic_roman_lattice, nrook_campfire
D:2:      minmay_spotlight, layout_basic, ebering_ecumenical_altar_webs,
          basic_altar, chequers_serial_rivers_marsh
D:3:      minmay_angry_zag, layout_basic
D:4:      layout_basic, minmay_temple_entry_drinking_statues,
          minmay_shop_grid_forest, serial_bayou_ford_a, serial_bayou_crossing
D:5:      layout_layer_cave, mainiacjoe_overflow_24_doors, kennysheep_path_1,
          kennysheep_generic_room_9, uniq_blork_the_orc
D:6:      layout_gridville, lightli_ossuary_entry_decrepit_ruins
D:7:      layout_loops_cross
Temple:   hellmonk_temple_divided_pantheon

Skill      XL: |  1  2  3  4  5  6  7 |
---------------+----------------------+-----
Axes           | 3 4 5 |  5.8
Fighting       | 4 5 6 |  6.1
Armour         | 4 5 |  5.5
Shields        | 4 5 |  5.0
Dodging        | 2 |  2.1

Action                     |  1- 3 |  4- 6 |  7- 9 || total
---------------------------+-------+-------+-------++-------
  Melee: War axe           |   104 |   156 |     9 ||   269
         Whip              |       |     7 |   128 ||   135
    Use: Scroll            |       |       |     9 ||     9
 Armour: Scale mail        |    62 |     7 |       ||    69
         Chain mail        |       |   102 |    66 ||   168
  Dodge: Dodged            |    37 |    70 |    56 ||   163
  Block: Buckler           |    24 |    35 |    29 ||    88
